Map: Ice and Chrome LE

Players

HeroMarine

  • Race: Terran Terran
  • League: Master
  • Spawn Location: 7:00

ShoWTimE - Winner!

  • Race: Protoss Protoss
  • Spawn Location: 1:00

Event: StayAtHomestory Cup #2

VOD

Have the link to the VOD?

Description

Time

  • Played on: June 12, 2020, 8:54 a.m.
  • Length: 15:54

All games in this series

Show
View Real Time Build Order
Export as new Build Order

HeroMarine Terran 

Build Orders: Reaper Expand 

Get SALT Encoding   

  12  0:01  SCV  
  13  0:13  SCV  
  14  0:17  Supply Depot  
  14  0:25  SCV  
  15  0:39  SCV  
  15  0:40  Barracks  
  16  0:44  Refinery  
  16  0:51  SCV  
  17  1:03  SCV  
  18  1:15  SCV  
  19  1:27  Reaper, Orbital Command  
  20  1:43  Command Center  
  20  1:50  Supply Depot  
  20  1:53  SCV  
  21  1:59  Marine  
  22  2:05  SCV  
  23  2:09  Factory  
  23  2:18  SCV  
  23  2:19  Bunker  
  23  2:22  Barracks Reactor  
  24  2:30  SCV  
  24  2:32  Refinery  
  25  2:42  SCV  
  26  2:54  SCV  
  26  2:55  Hellion  
  26  2:56  Orbital Command  
  29  2:58  Starport  
  29  3:00  Marine  
  29  3:01  Marine  
  31  3:06  SCV  
  32  3:16  Widow Mine  
  32  3:18  SCV, Marine x2  
  37  3:23  SCV  
  37  3:26  Supply Depot  
  38  3:30  SCV  
  39  3:35  SCV, Medivac  
  39  3:36  Marine x2  
  39  3:37  Widow Mine  
  39  3:41  Supply Depot  
  46  3:47  SCV  
  46  3:48  SCV  
  48  3:54  Marine x2  
  50  3:59  SCV  
  50  4:00  SCV  
  50  4:02  Command Center  
  52  4:06  Widow Mine  
  53  4:11  SCV  
  53  4:12  SCV, Medivac  
  53  4:14  Supply Depot  
  57  4:22  Barracks  
  57  4:23  SCV  
  59  4:24  SCV  
  59  4:27  Widow Mine  
  61  4:31  Barracks  
  61  4:36  SCV x2  
  63  4:44  Engineering Bay x2  
  63  4:48  SCV x2, Supply Depot  
  63  4:51  Marine x2, Starport Tech Lab  
  67  4:53  Factory Tech Lab  
  67  4:57  Refinery  
  67  4:58  Refinery  
  67  5:00  SCV x2  
  65  5:10  Marine x2  
  65  5:12  SCV x2, Terran Infantry Weapons Level 1, Terran Infantry Armor Level 1  
  67  5:18  Orbital Command  
  67  5:23  Barracks  
  67  5:25  Barracks  
  67  5:28  Stimpack  
  67  5:31  Factory Reactor  
  67  5:32  SCV  
  67  5:34  Starport Reactor, Marine x2  
  70  5:39  Marauder  
  70  5:40  Marauder  
  75  5:42  SCV  
  75  5:44  SCV, Orbital Command  
  75  5:49  Supply Depot  
  76  5:50  Combat Shield  
  76  5:55  SCV, Marine x2  
  76  5:57  SCV  
  80  5:59  Supply Depot  
  80  6:00  Marauder  
  80  6:02  Marauder  
  84  6:07  SCV  
  84  6:09  SCV  
  84  6:10  SCV  
  87  6:11  Medivac  
  87  6:12  Medivac  
  87  6:14  Barracks Reactor  
  87  6:15  Barracks Tech Lab  
  87  6:17  Supply Depot  
  91  6:19  SCV  
  91  6:21  SCV  
  91  6:22  SCV, Marauder  
  91  6:23  Marauder  
  91  6:25  Widow Mine x2, Marine  
  102  6:26  Marine  
  102  6:28  Supply Depot  
  102  6:32  SCV, Supply Depot  
  105  6:33  SCV  
  105  6:34  SCV  
  105  6:37  Concussive Shells  
  105  6:39  Marauder  
  109  6:44  SCV  
  110  6:47  Widow Mine x2  
  110  6:48  Marauder, Marine  
  110  6:49  Marine  
  110  6:50  Marauder  
  110  6:52  Supply Depot  
  110  6:53  SCV x2  
  122  6:57  Supply Depot  
  122  6:58  Marine x2  
  122  7:01  Medivac x2, Marauder  
  128  7:05  SCV x2  
  128  7:07  SCV  
  133  7:12  Armory  
  133  7:14  Bunker, Refinery x2, Marine x2  
  133  7:15  Marine  
  136  7:18  Marauder  
  136  7:22  Marauder  
  140  7:24  SCV  
  140  7:25  SCV, Supply Depot  
  140  7:26  SCV  
  143  7:33  Marauder  
  143  7:36  SCV, Marine x2  
  149  7:37  SCV  
  149  7:46  Medivac x2  
  149  7:47  Marauder, Widow Mine  
  149  7:50  Supply Depot  
  157  7:51  Supply Depot  
  157  7:53  Command Center  
  157  7:55  Marauder  
  157  8:07  SCV, Marine x4  
  157  8:08  Marauder, Widow Mine, Terran Infantry Weapons Level 2  
  157  8:10  Terran Infantry Armor Level 2  
  157  8:12  Marauder  
  166  8:16  Marauder  
  162  8:25  Marine x3  
  167  8:27  Widow Mine  
  167  8:28  Medivac  
  167  8:29  Widow Mine  
  167  8:30  Marauder  
  167  8:34  Marauder  
  175  8:37  Marauder  
  175  8:39  Barracks  
  175  8:40  Barracks x2  
  169  8:50  Marine  
  169  8:51  Marauder, Marine  
  169  8:53  Widow Mine x2  
  169  8:54  Terran Ship Weapons Level 1  
  169  8:55  Marauder, Ghost Academy  
  174  8:59  Marauder  
  174  9:02  Marine x2  
  176  9:08  Marine x2  
  176  9:11  SCV x3  
  176  9:13  Medivac  
  176  9:14  Medivac  
  176  9:15  Widow Mine x2  
  189  9:20  Marine  
  190  9:26  Ghost x3  
  190  9:30  Barracks Reactor, Missile Turret x2, Barracks Tech Lab  
  190  9:31  Barracks Reactor  
  192  9:32  Missile Turret, Barracks Tech Lab  
  192  9:33  Marine x3  
  192  9:37  Marine  
  194  9:43  Refinery  
  194  9:44  Planetary Fortress  
  194  9:45  Refinery  
  194  9:49  Starport  
  194  9:56  Ghost  
  196  10:02  Missile Turret  
  196  10:05  Marine  
  196  10:08  Marine  
  196  10:11  Missile Turret  
  196  10:13  Marine x2  
  196  10:14  Marine  
  149  10:24  Ghost x2  
  149  10:25  Ghost  
  149  10:26  Marine x3  
  149  10:27  Marine x2  
  152  10:37  Terran Infantry Weapons Level 3  
  152  10:40  Terran Infantry Armor Level 3  
  152  10:43  Marine x2  
  152  10:46  Marauder x2  
  152  10:49  Marine x2  
  159  10:51  Marine x2  
  159  10:54  Marauder x3  
  167  10:57  Viking  
  167  10:58  Viking  
  167  11:00  Marine  
  167  11:01  Marine  
  162  11:07  Marauder x2  
  150  11:29  Marauder x4, Marine  
  159  11:33  Command Center  
  159  11:42  Liberator x2  
  165  11:48  Liberator  
  165  11:53  Ghost x3  
  170  11:58  Ghost  
  172  12:05  Supply Depot  
  172  12:07  Viking  
  172  12:08  Marauder, Missile Turret  
  176  12:18  Marine  
  176  12:21  Marine  
  176  12:22  Marine  
  181  12:23  Marauder  
  181  12:27  Viking, Marauder, Marine x2  
  187  12:34  Ghost  
  188  12:46  Viking  
  188  12:49  Ghost  
  193  12:55  Orbital Command  
  194  12:58  SCV x2  
  194  13:00  Marine  
  194  13:01  Ghost  
  198  13:05  Viking  
  198  13:06  Viking  
  198  13:07  Viking  
  200  13:16  Viking  
  200  13:23  Terran Ship Weapons Level 2  
  198  13:35  Viking  
  198  13:40  Command Center, Sensor Tower  
  195  14:07  Viking x2  
  186  14:10  Viking  
  186  14:15  Ghost  
  186  14:16  Ghost  
  187  14:17  Ghost x2  
  187  14:18  Marauder  
  187  14:19  Viking, Marine x2  
  197  14:29  Marine x2  
  189  14:37  Viking  
  182  14:39  Marine x2  
  182  14:40  Marauder  
  182  14:42  Medivac x2  
  182  14:44  Marine x2  
  182  14:45  Marauder x2  
  187  14:46  Marauder  
  187  14:47  Ghost, Marine  
  166  14:58  Marine  
  166  14:59  Marine x2  
  147  15:00  Ghost  
  147  15:01  Liberator  
  147  15:02  Marine x2  
  147  15:05  Marine  
  147  15:06  Ghost, Marauder, Liberator  
  147  15:20  Supply Depot  
  147  15:21  Orbital Command  
  147  15:22  Supply Depot, Orbital Command  
  147  15:23  Ghost  
  147  15:24  Marauder  
Show
View Real Time Build Order
Export as new Build Order

ShoWTimE Protoss - Winner!

Build Orders: 1 Gate Expand, Blink Stalkers 

Get SALT Encoding   

  12  0:00  Probe  
  13  0:12  Probe  
  14  0:17  Pylon  
  14  0:23  Probe  
  15  0:31  Probe  
  15  0:36  Gateway  
  15  0:39  Probe  
  16  0:45  Assimilator  
  17  0:51  Probe  
  18  1:03  Probe  
  19  1:15  Probe  
  20  1:23  Cybernetics Core  
  20  1:33  Nexus  
  20  1:35  Probe  
  21  1:42  Pylon  
  22  1:47  Probe  
  22  1:50  Adept, Assimilator  
  22  1:59  Probe  
  25  2:01  Warp Gate  
  25  2:11  Probe, Stalker  
  28  2:23  Probe  
  29  2:35  Probe  
  30  2:41  Probe  
  30  2:43  Twilight Council  
  30  2:46  Stalker  
  30  2:47  Probe  
  30  2:50  Probe  
  34  2:51  Blink  
  35  2:59  Probe  
  35  3:00  Probe  
  35  3:01  Gateway  
  37  3:11  Probe  
  38  3:13  Probe  
  39  3:23  Probe  
  39  3:25  Probe  
  41  3:28  Pylon  
  41  3:36  Probe  
  41  3:37  Probe  
  41  3:38  Robotics Facility  
  43  3:48  Probe  
  44  3:49  Probe  
  44  3:52  Sentry  
  44  3:53  Nexus  
  47  4:00  Probe  
  47  4:01  Probe  
  49  4:03  Phoenix  
  49  4:04  Pylon  
  49  4:08  Assimilator  
  49  4:10  Pylon  
  49  4:12  Probe, Stalker  
  49  4:13  Probe  
  53  4:24  Probe, Pylon  
  53  4:25  Probe  
  53  4:26  Stalker, Observer  
  58  4:36  Probe  
  58  4:37  Probe  
  60  4:44  Gateway  
  60  4:45  Gateway  
  60  4:47  Observer  
  60  4:48  Probe, Stalker  
  60  4:49  Probe  
  65  5:00  Probe  
  65  5:01  Probe  
  67  5:11  Stalker x2  
  67  5:12  Probe x2  
  73  5:14  Probe  
  73  5:22  Probe x2  
  73  5:24  Probe  
  73  5:27  Forge x2  
  76  5:30  Probe, Pylon  
  76  5:31  Probe  
  76  5:32  Probe, Assimilator  
  78  5:36  Pylon  
  78  5:37  Assimilator  
  78  5:38  Probe, Assimilator  
  78  5:39  Probe  
  78  5:41  Probe  
  79  5:49  Protoss Ground Armor Level 1, Protoss Ground Weapons Level 1  
  82  5:50  Probe  
  82  5:52  Gateway  
  82  5:55  Gateway  
  82  5:56  Probe x2  
  85  6:00  Templar Archives  
  85  6:01  Charge  
  85  6:03  Probe  
  86  6:07  Photon Cannon  
  86  6:13  Photon Cannon  
  86  6:17  Probe, Sentry, Photon Cannon  
  89  6:19  Psionic Storm, Observer  
  89  6:23  Sentry  
  92  6:26  Observer  
  92  6:40  Pylon  
  92  6:41  Gateway  
  92  6:44  Gateway  
  92  6:45  Pylon, Gateway  
  92  6:47  Pylon  
  92  6:48  Immortal  
  96  7:00  Zealot x3, High Templar x2  
  106  7:03  Probe  
  105  7:10  Zealot  
  107  7:16  Pylon  
  107  7:22  Zealot x3  
  113  7:25  Pylon  
  109  7:32  Zealot  
  109  7:33  Zealot x2  
  115  7:37  Zealot  
  115  7:43  Observer  
  118  7:44  Zealot x4, Protoss Ground Armor Level 2  
  126  7:51  Photon Cannon  
  126  7:59  Gateway  
  126  8:04  Warp Prism, Protoss Ground Weapons Level 2  
  128  8:07  Zealot x6  
  140  8:14  Pylon  
  140  8:16  Shield Battery  
  140  8:24  Pylon  
  140  8:26  Pylon  
  140  8:34  High Templar x5  
  143  8:38  Archon x2  
  145  8:42  Zealot x2  
  145  8:45  Zealot  
  151  8:53  Immortal  
  153  8:58  Probe x2  
  155  9:06  High Templar x4  
  155  9:07  Zealot  
  164  9:10  Archon  
  164  9:11  Pylon, Archon  
  164  9:12  Pylon  
  164  9:15  Nexus  
  163  9:25  Pylon  
  163  9:26  Robotics Bay, Pylon  
  163  9:27  Observer  
  163  9:29  Robotics Facility  
  163  9:30  High Templar x2  
  167  9:31  Zealot x3  
  167  9:32  Pylon  
  167  9:35  Archon  
  167  9:38  Probe x3  
  177  9:45  Zealot x4  
  177  9:51  High Templar  
  187  9:52  Gateway  
  187  9:55  Probe x2  
  187  9:56  Pylon  
  187  10:07  Zealot x6  
  195  10:19  Archon  
  195  10:21  Zealot x2  
  177  10:23  Protoss Ground Armor Level 3  
  177  10:26  Zealot  
  177  10:28  Zealot x6, Protoss Ground Weapons Level 3  
  191  10:30  Extended Thermal Lance  
  191  10:36  Colossus  
  197  10:54  Assimilator  
  197  10:56  Assimilator  
  197  11:00  Zealot  
  187  11:11  Zealot x2  
  187  11:12  Zealot x2, Colossus  
  165  11:20  Zealot x4, Colossus  
  174  11:26  Probe  
  181  11:34  Stalker x2  
  181  11:35  Stalker  
  181  11:39  Stalker  
  189  11:43  Nexus  
  189  11:46  Pylon  
  189  11:50  Nexus  
  189  11:54  High Templar  
  189  11:55  High Templar  
  189  11:56  High Templar  
  195  12:03  Pylon  
  195  12:05  Dark Shrine  
  195  12:10  Observer  
  195  12:12  Zealot x6  
  200  12:22  Photon Cannon  
  200  12:24  Shield Battery  
  200  12:27  Pylon  
  198  12:45  Gateway  
  198  12:47  Gateway  
  190  12:52  Stalker x3  
  190  12:55  High Templar x2  
  200  13:00  Archon  
  198  13:08  Shadow Stride  
  196  13:14  Zealot x2  
  200  13:25  Photon Cannon  
  200  13:26  Protoss Shields Level 1, Gravitic Drive  
  200  13:28  Photon Cannon  
  198  13:39  Nexus  
  198  13:41  Pylon  
  196  13:57  Gateway  
  193  14:03  Disruptor x2  
  172  14:10  Zealot  
  172  14:11  Zealot x11  
  190  14:23  Gravitic Boosters  
  188  14:31  Zealot x3  
  188  14:32  Zealot x3  
  178  14:40  Zealot x6, Disruptor x2  
  184  14:53  Archon  
  184  14:54  Zealot x3  
  184  14:55  Zealot x3  
  154  15:00  Zealot x3  
  154  15:03  Stalker x3  
  154  15:11  Observer  
  150  15:15  Stalker x3  
  150  15:16  High Templar x2, Disruptor x2  
  150  15:20  Archon  
  150  15:21  High Templar x4  
  172  15:26  Archon x2  
  172  15:27  High Templar x4  
  182  15:31  Archon x2  
  168  15:43  Zealot x4  
Tags
 
Add a new tag
Caveats
  • Supply blocks, unpowered buildings, or Contaminate may cause inaccurate times.
  • Supply counts are checked every 10 seconds.